 Dungeon Crawl Stone Soup version 0.25.1-2-g60ff931 (webtiles) character file.

Game seed: 10217009630828999269

271 Gadfly the Chiller (level 6, -2/43 HPs)
             Began as a Barachi Ice Elementalist on Aug 17, 2020.
             Slain by an ice beast (14 damage)
             ... on level 2 of the Dungeon on Aug 18, 2020.
             The game lasted 00:05:32 (3650 turns).

Gadfly the Chiller (Barachi Ice Elementalist)       Turns: 3650, Time: 00:05:32

Health: -2/43      AC:  7    Str: 10    XL:     6   Next: 23%
Magic:  11/11      EV: 13    Int: 17    God:
Gold:   117        SH:  0    Dex: 12    Spells: 4/12 levels left

rFire    . . .     SeeInvis .   j - +0 trident
rCold    . . .     Gourm    .   (no shield)
rNeg     . . .     Faith    .   a - +0 robe
rPois    .         Spirit   .   k - +0 helmet
rElec    .         Reflect  .   (no cloak)
rCorr    .         Harm     .   (no gloves)
MR       .....                  (no boots)
Stlth    ++........             (no amulet)
HPRegen  0.14/turn              n - -4 ring of slaying (curse)
MPRegen  0.12/turn              l - +4 ring of protection (curse)

@: can't hop, slow
A: +LOS, swims, slowness 1, strong legs 1
a: Hop


You were on level 2 of the Dungeon.
You were not hungry.

You visited 1 branch of the dungeon, and saw 3 of its levels.

You collected 117 gold pieces.

Inventory:

Hand Weapons
 j - a +0 trident (weapon)
Armour
 a - a +0 robe (worn)
 g - a +0 buckler
 k - a +0 helmet (worn)
Jewellery
 e - an uncursed ring of resist corrosion
 l - a cursed +4 ring of protection (right hand)
 n - a cursed -4 ring of slaying (left hand)
Scrolls
 b - a scroll of amnesia
 h - 2 scrolls of fog
 i - 2 scrolls of identify
Potions
 d - a potion of flight
 f - a potion of brilliance
Comestibles
 c - 6 rations


   Skills:
 + Level 1.5 Fighting
 * Level 3.6 Dodging
 - Level 1.7 Stealth
 * Level 3.8 Spellcasting
 * Level 2.0 Conjurations
 * Level 6.3 Ice Magic


You had 4 spell levels left.
You knew the following spells:

 Your Spells              Type           Power        Failure   Level  Hunger
a - Freeze                Ice            ###.         1%          1    None
b - Frozen Ramparts       Ice            ###...       3%          3    ###....
c - Hailstorm             Conj/Ice       ###.....     28%         4    ####...

Your spell library contained the following spells:

 Spells                   Type           Power        Failure   Level  Hunger
 Ozocubu's Armour         Chrm/Ice       ##......     13%         3    ###....
 Summon Ice Beast         Ice/Summ       ##......     41%         4    ####...


Dungeon Overview and Level Annotations

Branches:
Dungeon (3/15)

Altars:


Innate Abilities, Weirdness & Mutations

You can be seen from farther away. (+LOS)
You can swim through water.
You cover ground slowly.
You can hop short distances.


Message History

The ice beast barely misses you. The ice beast misses you.
Okay, then.
There is an open door here.
The ice beast hits you but does no damage.
There is an open door here.
The ice beast closely misses you.
The ice beast hits you but does no damage.
The ice beast hits you but does no damage.
The ice beast closely misses you. The ice beast misses you.
The ice beast hits you. The ice beast freezes you!
* * * LOW HITPOINT WARNING * * *
There is an open door here.
Okay, then.
There is an open door here.
The ice beast hits you.
* * * LOW HITPOINT WARNING * * *
The ice beast freezes you!
You die...

.........#.## #...######.
..####...#.# #...# ##.. ..#
#####.# ##.## ##... ###### ##'##
#.# #.... .....# ##...## #.#
##..( ..##.###.....## ### #.#
##.# ..##.##.......## ##.###.#
#.#
..##.#.........####(..##.######.#
.....'......<..Y@................
..##.#...>.....####...##.######.#
..##.##.......## ##.###.# #.#
.....###.....## ##....# #.#
..#### ##...## #.#### #.# .##
##'## #.# #.# .# #.# #.# #.# .#
#.# #.# #.# .# ##.## #.# #.#


You could see an ice beast.

Vanquished Creatures
  A necrophage (D:3)
  Natasha (thrice) (D:2)
  4 adders
  2 worms (D:2)
  5 dart slugs (D:1)
  2 leopard geckos
  2 orcs (D:3)
  2 ball pythons (D:2)
  3 giant cockroaches (D:2)
  6 goblins
  6 hobgoblins
  2 jackals (D:3)
  5 kobolds
  A bat (D:1)
  4 frilled lizards
  A leopard gecko zombie (D:3)
  11 rats
60 creatures vanquished.

Notes
Turn   | Place    | Note
-------+----------+-------------------------------------------
     0 | D:1      | Gadfly the Barachi Ice Elementalist began the quest for the
                  | Orb.
     0 | D:1      | Reached XP level 1. HP: 13/13 MP: 3/3
   170 | D:1      | Reached skill level 5 in Ice Magic
   176 | D:1      | Reached XP level 2. HP: 11/19 MP: 0/5
   821 | D:1      | Reached XP level 3. HP: 7/24 MP: 4/7
   826 | D:1      | Learned a level 3 spell: Frozen Ramparts
  1239 | D:2      | Noticed Natasha
  1247 | D:2      | Killed Natasha
  1380 | D:2      | Reached XP level 4. HP: 23/30 MP: 4/8
  1386 | D:2      | Learned a level 4 spell: Hailstorm
  1940 | D:2      | Found a faded altar of an unknown god.
  1966 | D:2      | Noticed Natasha
  1991 | D:2      | Killed Natasha
  1991 | D:2      | Reached skill level 1 in Conjurations
  2239 | D:2      | Reached XP level 5. HP: 33/36 MP: 5/10
  2675 | D:2      | Noticed Natasha
  2699 | D:2      | Killed Natasha
  2699 | D:2      | Reached skill level 1 in Fighting
  2699 | D:2      | Reached skill level 6 in Ice Magic
  3341 | D:3      | Noticed a necrophage
  3349 | D:3      | Killed a necrophage
  3349 | D:3      | Reached XP level 6. HP: 26/41 MP: 8/11
  3533 | D:3      | Noticed an ice beast
  3650 | D:2      | Slain by an ice beast

Illustrated notes

Levels and vault maps discovered:
D:1:      onia_arrival_pyramid, layout_rooms, minmay_domino_2
D:2:      layout_loops_corners, chequers_ecumenical_altar_simple_redux,
          first_ration, uniq_natasha
D:3:      layout_loops_ring

Skill      XL: |  1  2  3  4  5 |
---------------+----------------+-----
Ice Magic      | 5 6 |  6.3
Spellcasting   | 3 |  3.8
Dodging        | 3 |  3.6
Conjurations   | 1 2 |  2.0
Fighting       | 1 |  1.5
Stealth        | |  1.7

Action                   |  1- 3 |  4- 6 || total
-------------------------+-------+-------++-------
Melee: Dagger            |    50 |    79 ||   129
       Unarmed           |     4 |       ||     4
       Trident           |       |    46 ||    46
 Cast: Freeze            |    17 |     8 ||    25
       Frozen Ramparts   |     2 |    13 ||    15
 Abil: Hop               |       |     1 ||     1
  Use: Scroll            |     5 |     3 ||     8
       Potion            |       |     5 ||     5
 Stab: Sleeping          |     1 |     3 ||     4
       Distracted        |       |     1 ||     1
  Eat: Chunk             |     2 |     9 ||    11
Armor: Robe              |    10 |    32 ||    42
       Skin              |       |     7 ||     7
Dodge: Dodged            |    35 |   104 ||   139
